 Dungeon Crawl Stone Soup version 0.23.0-3-gf3c87f2df8 (webtiles) character file.

Game seed: 17604590752125711042

70 Esekla the Magician (level 4, 0/28 HPs)
             Began as a Deep Elf Wanderer on Feb 20, 2019.
             Slain by a bat (1 damage)
             ... on level 3 of the Dungeon.
             The game lasted 00:20:04 (2808 turns).

Esekla the Magician (Deep Elf Wanderer)             Turns: 2808, Time: 00:20:04

Health: 0/28       AC:  2    Str:  8    XL:     4   Next: 4%
Magic:  15/21      EV: 13    Int: 19    God:
Gold:   112        SH:  0    Dex: 16    Spells: 6/12 levels left

rFire    . . .     SeeInvis .   e - +0 dagger
rCold    . . .     Gourm    .   (no shield)
rNeg     . . .     Faith    .   d - +0 robe
rPois    .         Spirit   .   (no helmet)
rElec    .         Reflect  .   (no cloak)
rCorr    .         Harm     .   (no gloves)
MR       .....                  (no boots)
Stlth    +.........             (no amulet)
HPRegen  0.09/turn              k - ring of magical power
MPRegen  0.17/turn              t - +2 ring of strength

@: no status effects
A: no striking features
a: no special abilities


You were on level 3 of the Dungeon.
You were not hungry.

You visited 1 branch of the dungeon, and saw 3 of its levels.

You collected 112 gold pieces.

Inventory:

Hand Weapons
 e - a +0 dagger (weapon)
Armour
 d - a +0 robe (worn)
Jewellery
 k - a ring of magical power (left hand)
 m - an uncursed ring of see invisible
 t - a +2 ring of strength (right hand)
Scrolls
 c - 4 scrolls of teleportation
 h - a scroll of fog {unknown}
 i - a scroll of remove curse {unknown}
 l - a scroll of enchant weapon {unknown}
 r - a scroll of enchant armour {unknown}
Potions
 a - a potion of brilliance {unknown}
 b - a potion of curing
 g - a potion of magic {unknown}
 j - a potion of berserk rage {unknown}
 n - 2 potions of agility {unknown}
 o - a potion of might {unknown}
 p - 2 potions of heal wounds {unknown}
 q - a potion of invisibility {unknown}
 s - 2 potions of mutation {unknown}
Comestibles
 f - 3 rations


   Skills:
 - Level 3.2 Fighting
 * Level 1.2 Short Blades
 - Level 1.0 Throwing
 + Level 2.0 Dodging
 - Level 1.0 Unarmed Combat
 + Level 4.5 Spellcasting
 * Level 2.1 Conjurations
 * Level 1.0 Translocations
 * Level 0.5 Air Magic
 * Level 0.4 Poison Magic
   Level 1.1 Evocations


You had 6 spell levels left.
You knew the following spells:

 Your Spells              Type           Power        Failure   Level  Hunger
a - Magic Dart            Conj           ##..         5%          1    None
b - Blink                 Tloc           N/A          13%         2    #......
c - Mephitic Cloud        Conj/Pois/Air  #.......     26%         3    ###....

Your spell library contained the following spells:

 Spells                   Type           Power        Failure   Level  Hunger
 Call Imp                 Summ           #.......     21%         2    #......
 Slow                     Hex            #.......     21%         2    #......
 Conjure Flame            Conj/Fire      #.......     26%         3    ###....


Dungeon Overview and Level Annotations

Branches:
Dungeon (3/15)

Altars:


Message History

The orc priest is heavily wounded.
The bat hits you but does no damage. The bat barely misses you.
The orc priest hits you. The orc wizard misses you.
The hobgoblin hits you with a +0 club. The adder misses you.
The orc hits you with a +0 flail!
* * * LOW HITPOINT WARNING * * *
Casting: Magic Dart (safe; 5% risk of failure)
Confirm with . or Enter, or press ? or * to list all spells.
You blink.
The bat misses you. The bat hits you.
* * * LOW HITPOINT WARNING * * *
The orc priest hits the orc.
The bat hits you but does no damage. The bat closely misses you.
Something closely misses the adder.
The bat misses you. The bat hits you but does no damage.
The bat barely misses you.
Something hits the hobgoblin.
The bat hits you.
* * * LOW HITPOINT WARNING * * *
The bat hits you.
You die...

............... #.#.#.#
............#.###.#...
....w.....#.#...#.#.#
....%...............#
.........#..........###
........(o..###...#(..##
......o§..#..###..###..#
.......g####ro.b.....#.##
.... ......o##
#..##@###.#..## ..^..
......# #####.# #.##..#
#.... ###### #.# #...#.#
#.... #.# ###.#.# #...(
#.# #...####.... #.#
##..[.##.... #########
#.# ##.........
........## #.#
###.....##....
#######..#####.#
#...##..##....


You could see 2 orcs, a bat and a rat.

Vanquished Creatures
  An adder (D:2)
  A worm (D:2)
  A dart slug (D:2)
  A leopard gecko (D:1)
  An orc (D:3)
  7 bats
  2 giant cockroaches
  10 goblins
  9 hobgoblins
  4 jackals
  A quokka (D:2)
  A ball python (D:2)
  A frilled lizard (D:2)
  5 kobolds
  4 rats
49 creatures vanquished.

Notes
Turn   | Place    | Note
-------+----------+-------------------------------------------
     0 | D:1      | Esekla the Deep Elf Wanderer began the quest for the Orb.
     0 | D:1      | Esekla set off with the following items: a potion of
                  | curing, a scroll of teleportation, a +0 robe, a +0 dagger,
                  | a ration; and the following spell memorised: Magic Dart;
                  | and the following spells available to memorise: Blink, Call
                  | Imp, Slow, Conjure Flame, Mephitic Cloud
     0 | D:1      | Reached XP level 1. HP: 14/14 MP: 7/7
   330 | D:1      | Reached skill level 1 in Dodging
   423 | D:1      | Reached XP level 2. HP: 19/19 MP: 2/9
   427 | D:1      | Learned a level 2 spell: Blink
   594 | D:1      | Reached skill level 1 in Conjurations
  1002 | D:2      | Reached skill level 1 in Short Blades
  1160 | D:3      | Reached XP level 3. HP: 7/23 MP: 6/10
  1425 | D:2      | Learned a level 3 spell: Mephitic Cloud
  1526 | D:2      | Reached skill level 1 in Translocations
  2540 | D:2      | Reached XP level 4. HP: 23/28 MP: 12/12
  2807 | D:3      | HP: 1/28 [bat (1)]
  2808 | D:3      | Slain by a bat

Skill      XL: |  1  2  3 |
---------------+----------+-----
Dodging        | 1 2 |  2.0
Conjurations   | 1 2 |  2.1
Short Blades   | 1 |  1.2
Translocations | 1 |  1.0
Fighting       | |  3.2
Throwing       | |  1.0
Unarmed Combat | |  1.0
Spellcasting   | |  4.5
Air Magic      | |  0.5
Poison Magic   | |  0.4
Evocations     | |  1.1

Action                   |  1- 3 |  4- 6 || total
-------------------------+-------+-------++-------
Melee: Dagger            |   111 |     4 ||   115
 Cast: Magic Dart        |   109 |     6 ||   115
       Mephitic Cloud    |     2 |     2 ||     4
       Blink             |       |     1 ||     1
 Stab: Sleeping          |     2 |       ||     2
       Confused          |     1 |       ||     1
  Eat: Ration            |     2 |       ||     2
       Chunk             |     1 |       ||     1
Armor: Robe              |    26 |     4 ||    30
Dodge: Dodged            |   121 |    15 ||   136
